[Event "Czech Open-GM 2022"]
[Site "Pardubice"]
[Date "2022.07.28"]
[Round "7.25"]
[White "Akesson, Ralf"]
[Black "Kulon, Klaudia"]
[Result "1/2-1/2"]
[ECO "E92"]
[WhiteElo "2427"]
[BlackElo "2286"]
[Annotator "TA"]
[PlyCount "61"]
[EventDate "2022.07.22"]
[EventType "swiss"]
[EventCountry "CZE"]
[SourceTitle "playchess.com"]
[Source "ChessBase"]
[SourceQuality "1"]
[TimeControl "40/5400+30:1800+30"]

1. Nf3 Nf6 2. c4 g6 3. Nc3 Bg7 4. e4 d6 5. d4 O-O 6. Be3 e5 7. Be2 exd4 8. Nxd4 Re8 9. f3 c6 10. Bf2 d5 11. exd5 cxd5 12. O-O Nc6 13. c5 Nh5 14. Qd2 Be5 {[%emt 0:01:45] Threatens to win with ...Nf4.} 15. g3 {[%emt 0:01:10] Inhibits Nf4. E92: King's Indian: Classical: 6 Be2 e5: 7 dxe5, 7 Be3 and Petrosian System without 7...Nbd7.} Bh3 16. Rfd1 {[%emt 0:03:18] was the old line (16.Rfe1).} a6 {[%emt 0:01:43] [#]} 17. Rac1 $146 ({Predecessor:} 17. f4 Bg7 18. Bf3 Nf6 19. Nxc6 bxc6 20. Bd4 Ng4 21. Re1 Qa5 22. Bxg7 Kxg7 23. Qd4+ {1-0 (48) Shao,B-Finneran,M (2024) Irvine 2010}) 17... Ng7 18. Nb3 Be6 19. Bf1 (19. f4 $5 Bxc3 20. Qxc3 $14) 19... a5 20. Nb5 ({Much worse is} 20. Nxd5 a4 21. Na1 Bxd5 22. Qxd5 Qf6 $11) 20... Nf5 21. N3d4 Nfxd4 22. Nxd4 Qf6 23. f4 Bxd4 24. Bxd4 Nxd4 25. Qxd4 Qxd4+ 26. Rxd4 {[%emt 0:00:08] The position is equal.} Rec8 27. Rc3 Rc7 28. Ra4 Bd7 29. Rd4 Be6 30. Ra4 Bd7 31. Rd4 {[%emt 0:00:06] Weighted Error Value: White=0.10 (very precise) /Black=0.06 (flawless)} 1/2-1/2

[Event "Czech Open-GM 2022"]
[Site "Pardubice"]
[Date "2022.07.28"]
[Round "7.26"]
[White "Finek, Vaclav"]
[Black "Hrbek, Stepan"]
[Result "1-0"]
[ECO "A21"]
[WhiteElo "2393"]
[BlackElo "2272"]
[Annotator "TA"]
[PlyCount "83"]
[EventDate "2022.07.22"]
[EventType "swiss"]
[EventCountry "CZE"]
[SourceTitle "playchess.com"]
[Source "ChessBase"]
[SourceQuality "1"]
[TimeControl "40/5400+30:1800+30"]

1. c4 e5 2. Nc3 Bb4 3. Nd5 Be7 4. d4 exd4 5. Qxd4 Nf6 6. Nxe7 {[%emt 0:01:00] A21: English Opening: 1...e5 2 Nc3.} Qxe7 7. Bg5 Nc6 8. Qc3 {[%emt 0:00:44] White has an edge.} d6 9. e3 {[%emt 0:18:59] [#]} Be6 $146 ({Predecessor:} 9... Ne5 10. Nf3 h6 11. Bh4 O-O 12. Nxe5 dxe5 13. Bd3 Qe6 14. O-O-O Nd7 15. f3 Nc5 {0-1 (40) Coleman,T (2333)-Kashlinskaya,A (2494) Chess.com INT 2020}) 10. Ne2 Ne5 11. Nf4 h6 12. Bxf6 Qxf6 13. Be2 Nd7 14. Qd2 O-O 15. O-O a5 16. Rac1 Nc5 17. Bf3 a4 18. Qd4 Qe5 19. Rfd1 Qg5 20. h3 Rab8 21. Bd5 b5 22. h4 Qe7 23. Nh5 {[%emt 0:01:12][%csl Gh5][%cal Rd4g7] [#]} f6 (23... f5 $1 $14) 24. Nf4 $36 {[%emt 0:00:55][%mdl 2048] White has strong initiative.} Bxd5 25. cxd5 {[%emt 0:03:04] Strongly threatening Ng6.} ({But not} 25. Qxd5+ $6 Qf7 $11) 25... Qd7 (25... Rf7 $14) 26. Nd3 {[%emt 0:02:39] Black is now going downhill.} Na6 ({Better is} 26... Nxd3 $14 27. Qxd3 Rfe8) 27. Rc6 Ra8 28. Rdc1 {[%emt 0:01:04] White is more active.} Rfb8 {[%emt 0:00:20] [#]} (28... Rfc8 $16 29. g3 Kh8) 29. b4 $1 $18 axb3 30. axb3 b4 (30... Rc8 $142 31. Ra1 Nc5 32. Nxc5 Rxa1+ 33. Qxa1 dxc5) 31. Qc4 Qc8 (31... Nc5 32. Nxc5 dxc5 33. Rxc5 Kh8 34. Rxc7 Qd6) 32. Ra1 Nc5 33. Rxa8 Rxa8 34. Nxc5 {[%emt 0:00:44] Threatens to win with Ne6.} dxc5 35. Rxc5 {[%emt 0:01:00][%mdl 4096] Endgame KQR-KQR} (35. d6+ $142 Kh8 36. dxc7) 35... Qd7 $2 (35... Qa6 36. Rxc7 Kh8 37. Qxa6 Rxa6) 36. Rxc7 Ra1+ 37. Kh2 Qd6+ 38. g3 {[%emt 0:00:21] Hoping for Rc8+.} Rd1 (38... Ra8 $142 39. Rb7 Rd8) 39. Rc8+ Kf7 40. e4 {[%emt 0:01:37][%cal Be3e4,Be4f5][%mdl 32] aiming for Rc6.} f5 41. Qe2 {[%emt 0:30:54] White wants to mate with Qh5+.} Qb6 42. exf5 {[%emt 0:01:13] Weighted Error Value: White=0.39/Black=0.56} 1-0